 Dungeon Crawl Stone Soup version 0.30-a0-739-gea05faddec (webtiles) character file.

Game seed: 8879410609307233418

170 Majang the Chopper (level 5, 0/70 HPs)
             Began as a Hill Orc Fighter on Feb 4, 2023.
             Succumbed to a scorpion's poison
             ... on level 3 of the Dungeon.
             The game lasted 00:06:55 (2260 turns).

Majang the Chopper (Hill Orc Fighter)               Turns: 2260, Time: 00:06:55

Health: 0/70       AC: 22    Str: 21    XL:     5   Next: 50%
Magic:  5/5        EV:  2    Int:  8    God:
Gold:   151        SH:  4    Dex: 10    Spells: 4/4 levels left

rFire   . . .      SeeInvis .    a - +0 war axe
rCold   . . .      Faith    .    c - +0 buckler
rNeg    . . .      Spirit   .    (body armour currently unavailable)
rPois   +          Reflect  .    (helmet currently unavailable)
rElec   .          Harm     .    (cloak currently unavailable)
rCorr   .          Rampage  .    (gloves currently unavailable)
Will    .....      NoTele   +    (boots currently unavailable)
Stlth   +                        (no amulet)
HPRegen 0.31/turn                k - +5 ring of evasion
MPRegen 0.09/turn                (no ring)

@: brilliant, lethally poisoned (0 -> -10), tree-form
A: stationary, stasis, torment immunity, boosted hp
a: no special abilities


You were on level 3 of the Dungeon.
You were a tree.
You visited 1 branch of the dungeon, and saw 4 of its levels.

You collected 151 gold pieces.

Inventory:

Hand Weapons
 a - a +0 war axe (weapon)
Armour
 b - a +0 scale mail
 c - a +0 buckler (worn)
 f - a +0 chain mail
 p - +0 shadow dragon scales (melded)
Jewellery
 k - a +5 ring of evasion (left branch)
Scrolls
 e - 4 scrolls of identify {unknown}
 m - a scroll of amnesia {unknown}
 n - 2 scrolls of fear {unknown}
 o - a scroll of poison {unknown}
Potions
 d - 2 potions of might
 j - a potion of flight
 r - a potion of attraction {unknown}
 s - a potion of berserk rage {unknown}


   Skills:
 + Level 4.9 Fighting
 * Level 6.0 Axes
 + Level 3.3 Armour
 + Level 0.2 Dodging
 + Level 0.3 Stealth
 + Level 3.3 Shields


You had 4 spell levels left.
You didn't know any spells.
Your spell library contained the following spells:

 Spells                   Type           Power      Damage    Failure   Level
 Animate Dead             Necr           0%         N/A       99%         4
 Haunt                    Necr/Summ      0%         N/A       100%        7
 Infestation              Necr           0%         N/A       100%        8


Dungeon Overview and Level Annotations

Branches:
Dungeon (4/15)
 Temple: D:4-7

Altars:
Nemelex Xobeh


Message History

You hear a shout!
You climb upwards.
Reactivating autopickup.
There is a stone staircase leading down here.
You can't go up here!
You barely miss the scorpion. You slash the iguana! You hit the ball python.
You kill the ball python!
You closely miss the ball python. The scorpion stings you.
You are poisoned.
The scorpion poisons you! The ball python closely misses you.
The ball python misses you. The iguana barely misses you.
You barely miss the scorpion. You hit the ball python.
You kill the ball python!
You hit the iguana.
You feel very sick.
The scorpion stings you but does no damage.
The iguana closely misses you.
The scorpion stings you but does no damage.
You hit the scorpion but do no damage. You hit the iguana but do no damage.
You feel sick.
The scorpion stings you but does no damage.
The iguana barely misses you. The scorpion stings you.
* * * LOW HITPOINT WARNING * * *
You are lethally poisoned!
The scorpion poisons you!
It was a potion of flight.
You feel very buoyant.
You fly up into the air.
* * * LOW HITPOINT WARNING * * *
You feel very sick. You block the iguana's attack.
You block the scorpion's attack.
It was a potion of brilliance.
You feel clever all of a sudden.
* * * LOW HITPOINT WARNING * * *
You feel very sick. The iguana misses you. The scorpion closely misses you.
It was a potion of lignification.
You turn into a tree.
Your +0 shadow dragon scales melds into your body.
Your roots penetrate the ground.
You die...

#.########.###.# #######
#.#.........##.# #......
#.#.........##.# #...)..
#######.#.........##.# #......
........#.........##.# #......
#########.........##.######......
# ########.###.#......##### #
#ls.......###.##### #
#.♣†##.#....#...... #
#...([.#........### #
#..##...<.......# ##########
#..##..#........# ##.#...#.##
#..###........).### #.#8#.#8#.#
#...........###...# #..#...#..##
#.###.###.#..##...# .#...#...#.##
#.##...##.......... #8#.#8#.#8#.#
#.#.....#.##.######


You could see a scorpion and an iguana.

Vanquished Creatures
  A jelly (D:3)
  Jessica (D:3)
  Terence (D:3)
  2 adders
  2 worms (D:2)
  3 dart slugs
  An orc (D:3)
  6 ball pythons
  7 bats
  An endoplasm (D:2)
  3 giant cockroaches
  7 goblins
  6 hobgoblins
  A quokka (D:1)
  2 frilled lizards
  9 kobolds
  3 rats
56 creatures vanquished.

Notes
Turn   | Place    | Note
-------+----------+-------------------------------------------
     0 | D:1      | Majang the Hill Orc Fighter began the quest for the Orb.
     0 | D:1      | Reached XP level 1. HP: 19/19 MP: 1/1
    97 | D:1      | Reached skill level 3 in Axes
   185 | D:1      | Reached XP level 2. HP: 19/27 MP: 2/2
   739 | D:2      | Reached skill level 4 in Axes
   775 | D:2      | Reached XP level 3. HP: 32/33 MP: 3/3
  1156 | D:2      | Identified the +6 trident of the Ancient Princes {holy,
                  | MP+9 SInv}
  1220 | D:2      | Reached XP level 4. HP: 36/41 MP: 4/4
  1521 | D:3      | Reached skill level 5 in Axes
  1559 | D:3      | Found a sparkling altar of Nemelex Xobeh.
  1690 | D:3      | Noticed Terence
  1696 | D:3      | Killed Terence
  1700 | D:3      | Reached XP level 5. HP: 38/47 MP: 5/5
  1746 | D:3      | Noticed Jessica
  1750 | D:3      | Killed Jessica
  2243 | D:4      | Reached skill level 6 in Axes
  2259 | D:3      | HP: 1/47 [poisoned by a scorpion]
  2260 | D:3      | Succumbed to a scorpion's poison

Illustrated notes

Levels and vault maps discovered:
D:1:      eino_arrival_water_star, layout_basic, minivault_26
D:2:      layout_loops_ring, wander_ebering_terrifying_dragon_lair
D:3:      layout_basic, lemuel_round_altar, chequers_jeans, kennysheep_doodads,
          minmay_misc_feat_enclosed, uniq_jessica, uniq_terence
D:4:      layout_rooms, gammafunk_temple_overflow_elements, temple_fountains

Skill      XL: |  1  2  3  4  5 |
---------------+----------------+-----
Axes           | 3 4 5 6 |  6.0
Fighting       | 4 |  4.9
Armour         | |  3.3
Dodging        | |  0.2
Stealth        | |  0.3
Shields        | |  3.3

Action                     |  1- 3 |  4- 6 || total
---------------------------+-------+-------++-------
  Melee: War axe           |   151 |    36 ||   187
    Use: Scroll            |       |     3 ||     3
         Potion            |       |     3 ||     3
 Armour: Scale mail        |    64 |     8 ||    72
         Shadow dragon sca |       |    22 ||    22
  Dodge: Dodged            |    85 |    48 ||   133
  Block: Buckler           |    31 |    12 ||    43

Table legend: (Time is in decaauts)
 A = Elapsed time spent in this place.
 B = Non-inter-level travel time spent in this place.
 C = Inter-level travel time spent in this place.
 D = Time resting spent in this place.
 E = Time spent auto-exploring this place.
 F = Levels seen in this place.
 G = Mean time per level.
                   A        B        C        D        E       F      G
               +--------+--------+--------+--------+--------+-----+--------+
         Total |   2324 |   2273 |     51 |    107 |   1606 |   4 |  581.0 |
       Dungeon |   2324 |   2273 |     51 |    107 |   1606 |   4 |  581.0 |
               +--------+--------+--------+--------+--------+-----+--------+

Top non-repeatable levels by time:
     D:2: 777 daAuts
     D:3: 772 daAuts
     D:1: 731 daAuts
     D:4: 42 daAuts
